AoeStats
← ivcrk826

Hideout

507242498Analyzed
1v1 RM · 14d ago on Sep 17, 2026· 43m 55s· 2 players
Game mode
Random Map
Map size
Tiny (2 player)
Population
200
Speed
Normal
Resources
Standard
Victory
Conquest
Starting age
Dark Age
Ending age
Imperial Age
RankedLock teamsTeams togetherTeam positionsShared explorationLock speedFull tech treeHidden civsTurbo modeCheats
Victory
Defeat
🇮🇳 Vietnamese · India
1131
+15
🇦🇷 Byzantines · Argentina
1099
-15
ivcrk826
9:23 Feudal Age
10:59 Loom
12:55 Double-Bit Axe
16:52 Fletching
23:03 Castle Age
22:03 Gold Mining
22:37 Padded Archer Armor
22:52 Horse Collar
23:10 Elite Skirmisher
23:14 Crossbowman
23:57 Bodkin Arrow
25:01 Thumb Ring
40:46 Imperial Age
43:28 Imperial Age
Technogun
10:56 Feudal Age
11:44 Double-Bit Axe
12:10 Horse Collar
13:08 Wheelbarrow
15:22 Gold Mining
17:24 Loom
18:17 Fletching
22:19 Castle Age
22:00 Padded Archer Armor
22:22 Crossbowman
22:58 Bodkin Arrow
26:05 Hand Cart
29:24 Leather Archer Armor
29:10 Town Watch
31:38 Thumb Ring
36:08 Imperial Age
37:02 Bracer
37:34 Ring Archer Armor
38:07 Arbalester
43:46 Scale Barding Armor
43:51 Forging
43:44 Light Cavalry
43:50 Elite Battle Elephant
Connection lost

Rejoining the realm…

Still unreachable

The connection could not be restored.

Session expired

The server has moved on; the page needs a fresh start.